 Dungeon Crawl Stone Soup version 0.28-a0-1447-ga5a8893891 (webtiles) character file.

Game seed: 9332180569034811953

80 cheechan the Shooter (level 4, -9/39 HPs)
             Began as a Naga Hunter on Jan 11, 2022.
             Mangled by an ogre (23 damage)
             ... on level 3 of the Dungeon.
             The game lasted 00:09:00 (1938 turns).

cheechan the Shooter (Naga Hunter)                  Turns: 1938, Time: 00:09:01

Health: -9/39      AC:  5    Str: 15    XL:     4   Next: 39%
Magic:  4/4        EV:  8    Int: 11    God:
Gold:   109        SH:  0    Dex: 19    Spells: 3/3 levels left

rFire   . . .      SeeInvis +   a - +1 shortbow
rCold   . . .      Faith    .   (shield currently unavailable)
rNeg    + . .      Spirit   .   n - +0 scale mail
rPois   +          Reflect  .   f - +0 helmet
rElec   .          Harm     .   (no cloak)
rCorr   .          Rampage  .   (no gloves)
Will    .....                   (no barding)
Stlth   +.........              (no amulet)
HPRegen 0.13/turn               e - +6 ring of dexterity
MPRegen 0.09/turn               j - ring of positive energy

@: very slow
A: AC +1, large, see invisible, deformed body, poison resistance, slowness 2,
spit poison 1, naga tail 1
a: Spit Poison


You were on level 3 of the Dungeon.
You visited 1 branch of the dungeon, and saw 3 of its levels.

You collected 109 gold pieces.

Inventory:

Hand Weapons
 a - a +1 shortbow (weapon)
 b - a +3 whip of electrocution
Missiles
 g - a throwing net
 h - 4 boomerangs
Armour
 f - a +0 helmet (worn)
 n - a +0 scale mail (worn)
Jewellery
 e - a +6 ring of dexterity (left hand)
 j - a ring of positive energy (right hand)
 l - a ring of resist corrosion
 m - a ring of wizardry
Potions
 i - a potion of berserk rage
 k - a potion of magic {unknown}


   Skills:
 + Level 2.2 Fighting
 + Level 4.7 Bows
 + Level 1.2 Armour
 + Level 1.7 Dodging
 + Level 1.5 Stealth


You had 3 spell levels left.
You didn't know any spells.
Your spell library was empty.

Dungeon Overview and Level Annotations

Branches:
Dungeon (3/15)

Altars:

Shops:
D:1 (


Innate Abilities, Weirdness & Mutations

Your serpentine skin is tough. (AC +1)
You have supernaturally acute eyesight. (SInv)
Armour fits poorly on your strangely shaped body.
Your system is resistant to poisons. (rPois)
You cover ground very slowly.
You can spit poison.
You have a snake-like lower body.


Message History

Found a robe.
There is an open door here.
An orc comes into view. It is wielding a +0 short sword.
The orc shouts!
The orc moves out of view.
Fire: 5 arrows
Press: ? - help, Q - select action, (/) - cycle Shift-Dir - straight line, f - orc
Aim: an orc, wielding a +0 short sword and wearing a +0 leather armour (65% to hit)
You shoot an arrow. The arrow closely misses the orc.
The orc hits you but does no damage.
Fire: 4 arrows
Press: ? - help, Shift-Dir - straight line, f/p - orc
Aim: an orc, wielding a +0 short sword and wearing a +0 leather armour (65% to hit)
You shoot an arrow. The arrow hits the orc!
You kill the orc!
Unknown command.
An ogre comes into view. It is wielding a +0 giant club.
Items here: ( ) [ †.
Found a stone staircase leading down.
Fire: 3 arrows
Press: ? - help, Shift-Dir - straight line, f - ogre
Aim: an ogre, wielding a +0 giant club (78% to hit)
You shoot an arrow. The arrow hits the ogre!
The ogre is moderately wounded.
Unknown command.
Fire: 2 arrows
Press: ? - help, Shift-Dir - straight line, f/p - ogre
Aim: an ogre, wielding a +0 giant club (moderately wounded, 78% to hit)
You shoot an arrow. The arrow hits the ogre!
The ogre is heavily wounded.
The ogre hits you with a +0 giant club.
Unknown command.
Fire: arrow
Press: ? - help, Shift-Dir - straight line, f/p - ogre
Aim: an ogre, wielding a +0 giant club (heavily wounded, 78% to hit)
You shoot an arrow. The arrow hits the ogre.
The ogre is severely wounded.
The ogre hits you with a +0 giant club!!
Ouch! That really hurt!
You die...

.# .# # ## .###.# #> #.
...... ##.##.# #...#..
##...#.. .....# ##
#.....#. .....# .
.......##+.....+ #..#)..#
#O@.#.# ## #####.# .# # .#
#...#.# .#.. .#
#....#...##+##...# .#
#.#...##'.....+ .#
##.###.#[#)....# .##
#######..##..###.....###..
.#.
.........##.#...#...#...#
.#.#
#........#...#)......#...


You could see an ogre.

Vanquished Creatures
  A gnoll (D:3)
  2 dart slugs (D:1)
  4 orcs
  7 bats
  6 endoplasms
  7 giant cockroaches
  6 goblins
  6 hobgoblins
  2 jackals
  5 kobolds
  A quokka (D:1)
  A ball python (D:1)
  2 frilled lizards
  3 rats
53 creatures vanquished.

Notes
Turn   | Place    | Note
-------+----------+-------------------------------------------
     0 | D:1      | cheechan the Naga Hunter began the quest for the Orb.
     0 | D:1      | Reached XP level 1. HP: 19/19 MP: 1/1
    31 | D:1      | Found Wodecs's Weapon Shop.
    88 | D:1      | Reached skill level 4 in Bows
    88 | D:1      | Reached XP level 2. HP: 24/26 MP: 2/2
   437 | D:1      | Reached XP level 3. HP: 23/32 MP: 3/3
  1513 | D:2      | Reached XP level 4. HP: 34/39 MP: 4/4
  1885 | D:3      | Reached skill level 1 in Armour
  1933 | D:3      | Noticed an ogre
  1938 | D:3      | Mangled by an ogre

Illustrated notes

Levels and vault maps discovered:
D:1:      amcnicky_arrival_choice, layout_loops_ring, serial_shops,
          nicolae_shop_bloodbath_and_beyond, chequers_ecumenical_altar_twisty,
          chequers_avenue
D:2:      minmay_skewed_foursquare, layout_basic
D:3:      layout_loops_corners, minmay_misc_feat_diagonals,
          hangedman_decor_lopped, minmay_fractal_squares_diagonal_5

Skill      XL: |  1  2  3  4 |
---------------+-------------+-----
Bows           | 4 |  4.7
Armour         | 1 |  1.2
Fighting       | |  2.2
Dodging        | |  1.7
Stealth        | |  1.5

Action                   |  1- 3 |  4- 6 || total
-------------------------+-------+-------++-------
Melee: Whip              |       |     8 ||     8
 Fire: Shortbow          |    73 |    20 ||    93
 Abil: Spit Poison       |    21 |     5 ||    26
  Use: Scroll            |     1 |     2 ||     3
Armor: Leather armour    |     8 |       ||     8
       Scale mail        |       |    18 ||    18
Dodge: Dodged            |    38 |    13 ||    51

Table legend: (Time is in decaauts)
 A = Elapsed time spent in this place.
 B = Non-inter-level travel time spent in this place.
 C = Inter-level travel time spent in this place.
 D = Time resting spent in this place.
 E = Time spent auto-exploring this place.
 F = Levels seen in this place.
 G = Mean time per level.
                   A        B        C        D        E       F      G
               +--------+--------+--------+--------+--------+-----+--------+
         Total |   2622 |   2622 |      0 |      4 |      0 |   3 |  874.0 |
       Dungeon |   2622 |   2622 |      0 |      4 |      0 |   3 |  874.0 |
               +--------+--------+--------+--------+--------+-----+--------+

Top non-repeatable levels by time:
     D:1: 1167 daAuts
     D:2: 1062 daAuts
     D:3: 391 daAuts
